 Dungeon Crawl Stone Soup version 0.28.0-53-g5a82cb258f (webtiles) character file.

Game seed: 7877560790764555248

738 mcbry74 the Spear-Bearer (level 7, -3/75 HPs)
             Began as a Merfolk Gladiator on June 21, 2022.
             Was an Initiate of the Shining One.
             Killed from afar by Maggie (5 damage)
             ... with a bolt of fire
             ... on level 7 of the Dungeon.
             The game lasted 00:25:56 (7058 turns).

mcbry74 the Spear-Bearer (Merfolk Gladiator)        Turns: 7058, Time: 00:25:57

Health: -3/75      AC: 23    Str: 14    XL:     7   Next: 75%
Magic:  7/7        EV:  2    Int: 16    God:    the Shining One [......]
Gold:   196        SH:  0    Dex: 15    Spells: 6/6 levels left

rFire   . . .      SeeInvis .   a - +0 trident
rCold   . . .      Faith    .   (no shield)
rNeg    . . .      Spirit   .   (armour currently unavailable)
rPois   +          Reflect  .   (helmet currently unavailable)
rElec   .          Harm     .   (cloak currently unavailable)
rCorr   .          Rampage  .   (gloves currently unavailable)
Will    .....      NoTele   +   (boots currently unavailable)
Stlth   +.........              (no amulet)
HPRegen 0.22/turn               q - +6 ring of intelligence
MPRegen 0.10/turn               u - +4 ring of evasion

@: tree-form (expiring), glowing
A: stationary, stasis, torment immunity, boosted hp, (nimble swimmer 2),
(mertail)
a: Renounce Religion


You were on level 7 of the Dungeon.
You worshipped the Shining One.
The Shining One was noncommittal.
You were a tree.
You visited 2 branches of the dungeon, and saw 9 of its levels.

You collected 196 gold pieces.

Inventory:

Hand Weapons
 a - a +0 trident (weapon)
 o - a +0 halberd
 s - a +0 hunting sling
 v - a +2 vampiric whip
Missiles
 d - 2 throwing nets
 m - 58 stones (quivered)
 r - 32 sling bullets
Armour
 b - a +0 leather armour
 c - a +0 helmet (melded)
 g - an orb of wrath
 i - a +3 plate armour
 C - the +1 ring mail "Jylohok" (melded) {Harm rF+}
   (You found it on level 7 of the Dungeon)

   rF:        It protects you from fire.
   Harm:      It increases damage dealt and taken.
Magical Staves
 t - a staff of fire
Jewellery
 q - a +6 ring of intelligence (left branch)
 u - a +4 ring of evasion (right branch)
Scrolls
 e - a scroll of vulnerability {unknown}
 h - 2 scrolls of teleportation
 j - 2 scrolls of blinking {unknown}
 l - a scroll of noise {unknown}
 p - 2 scrolls of identify {unknown}
 x - a scroll of fear {unknown}
 y - a scroll of enchant weapon {unknown}
 z - a scroll of silence {unknown}
Potions
 f - 2 potions of curing
 k - a potion of degeneration {unknown}
 n - a potion of attraction {unknown}
 B - a potion of flight {unknown}


   Skills:
 - Level 2.1 Fighting
 + Level 9.5 Polearms
 + Level 6.1 Throwing
 - Level 4.0 Dodging


You had 6 spell levels left.
You didn't know any spells.
Your spell library was empty.

Dungeon Overview and Level Annotations

Branches:
Dungeon (8/15)             Temple (1/1) D:7
   Lair: D:8-11

Altars:
Ashenzari
Cheibriados
Dithmenos
Elyvilon
Fedhas
Gozag
Hepliaklqana
Kikubaaqudgha
Makhleb
Nemelex Xobeh
Okawaru
Qazlal
Ru
Sif Muna
Trog
Uskayaw
Vehumet
Wu Jian
Xom
Yredelemnul
Zin
The Shining One

Annotations:
D:6 Eustachio
D:7 Harold, Maggie


Innate Abilities, Weirdness & Mutations

You are a tree.
Your roots penetrate the ground, keeping you stationary.
You cannot be teleported.
You are immune to unholy pain and torment.
Your maximum health is greatly increased.
Your equipment is partially melded.
((You are very nimble when in or above water. (Stealth+, EV+, Speed+++)))
((Your lower body shifts to a powerful aquatic tail in water.))


Message History

Maggie says, "Did Master Lance send you?"
Maggie hits you from afar with a +1 halberd of flaming.
* * * LOW HITPOINT WARNING * * *
Maggie burns you.
* * * LOW HITPOINT WARNING * * *
Throw: 60 stones
Press: ? - help, Q - select action, (/) - cycle Shift-Dir - straight line, f/p - Maggie
Aim: Maggie, wielding a +1 halberd of flaming, wearing +0 swamp dragon scales and carrying a wand of iceblast (5) (almost dead, 66% to hit)
You throw a stone.
The stone hits Maggie but does no damage.
Maggie is almost dead.
Throw: 59 stones
Press: ? - help, Q - select action, (/) - cycle Shift-Dir - straight line, f/p - Maggie
Aim: Maggie, wielding a +1 halberd of flaming, wearing +0 swamp dragon scales and carrying a wand of iceblast (5) (almost dead, 66% to hit)
You throw a stone.
The stone hits Maggie but does no damage.
Maggie is almost dead.
Maggie gestures wildly while chanting.
Maggie attempts to bespell you!
You easily resist.
You are too injured to fight recklessly!
You aren't carrying any items that you can evoke.
Unknown command.
You aren't carrying any items that you can evoke.
Reach: a) +0 trident
Press: ? - help, Dir - move target, f/p - Maggie
Aim: Maggie, wielding a +1 halberd of flaming, wearing +0 swamp dragon scales and carrying a wand of iceblast (5) (almost dead, about 34% to evade your +0 trident)
You reach to attack!
You hit Maggie but do no damage.
Maggie is almost dead.
Your transformation is almost over.
Maggie zaps a wand.
The mass of ice explodes!
The iceblast engulfs you.
* * * LOW HITPOINT WARNING * * *
A gnoll comes into view. It is wielding a +0 flail.
Reach: a) +0 trident
Press: ? - help, Dir - move target, f/p - Maggie
Aim: Maggie, wielding a +1 halberd of flaming, wearing +0 swamp dragon scales and carrying a wand of iceblast (4) (almost dead, about 34% to evade your +0 trident)
You reach to attack!
You hit Maggie.
Maggie is almost dead.
Maggie casts a spell at you. The bolt of fire hits you.
You die...

# ..... #####..........
# ..... #......(....@..
##...............g......
..# #....#.#####(#.##
..# #....#......(#...
..# #....#.#...#g#.. ..#
#....#.#._.#@#.. ..#
#....#.#...#.#.#### ..#
#....#......♣#....# #.#
#....#.#####.#.##.# #.#
####............#.# #.#
###.#.##.###.#.# #.#
#.#.#<.....#.# #.#
#.#..).....#.# ..#
#.########.#.# ###
#..........#.# #
#.##########.#


You could see Maggie, a gnoll shaman and a gnoll.

Vanquished Creatures
  A black bear (D:7)
  A centaur (D:7)
  A phantom (D:4)
  A scorpion (D:7)
  A howler monkey (D:3)
  A jelly (D:4)
  2 orc priests (D:4)
  A hound (D:3)
  An iguana (D:3)
  A centaur skeleton (D:5)
  An orc wizard (D:3)
  Natasha (twice) (D:2)
  A howler monkey skeleton (D:4)
  2 adders
  3 gnolls
  2 worms (D:3)
  7 orcs
  4 ball pythons
  8 bats
  4 endoplasms
  3 giant cockroaches (D:3)
  12 goblins
  10 hobgoblins
  5 kobolds
  4 quokkas
  3 frilled lizards
  9 rats
91 creatures vanquished.

Notes
Turn   | Place    | Note
-------+----------+-------------------------------------------
     0 | D:1      | mcbry74 the Merfolk Gladiator began the quest for the Orb.
     0 | D:1      | Reached XP level 1. HP: 16/16 MP: 1/1
   127 | D:1      | Reached XP level 2. HP: 22/22 MP: 2/2
   329 | D:1      | Reached skill level 5 in Polearms
   624 | D:1      | Reached XP level 3. HP: 27/27 MP: 3/3
  1572 | D:2      | Noticed Natasha
  1594 | D:2      | Killed Natasha
  1595 | D:2      | Reached XP level 4. HP: 13/33 MP: 4/4
  1624 | D:2      | Noticed Natasha
  1707 | D:2      | Killed Natasha
  1708 | D:2      | Reached skill level 6 in Polearms
  2016 | D:2      | Found a faded altar of an unknown god.
  2194 | D:3      | Reached XP level 5. HP: 32/38 MP: 5/5
  3329 | D:3      | Reached skill level 7 in Polearms
  3336 | D:3      | Reached XP level 6. HP: 24/44 MP: 6/6
  4364 | D:4      | Reached skill level 8 in Polearms
  4364 | D:4      | Reached skill level 5 in Throwing
  5375 | D:3      | Reached XP level 7. HP: 23/50 MP: 7/7
  5738 | D:5      | Entered Level 5 of the Dungeon
  5794 | D:5      | You fall into a shaft and drop 3 floors!
  6233 | D:7      | Found a staircase to the Ecumenical Temple.
  6242 | Temple   | Entered the Ecumenical Temple
  6423 | Temple   | Became a worshipper of the Shining One
  6519 | D:7      | Reached skill level 9 in Polearms
  6531 | D:7      | Noticed Harold
  6744 | D:7      | Found a blossoming altar of Fedhas.
  6746 | D:7      | Identified the +1 ring mail "Jylohok" {Harm rF+}
  6830 | D:6      | Noticed Eustachio
  7019 | D:7      | Noticed Maggie
  7051 | D:7      | HP: 3/75 [Maggie/+1 halberd of flaming (1)]
  7053 | D:7      | HP: 1/75 [Maggie/+1 halberd of flaming (1)]
  7058 | D:7      | Killed from afar by Maggie

Illustrated notes

Levels and vault maps discovered:
D:1:      erik_arrival_cave_to_civilisation [erik_arrival_cave_to_hall],
          layout_basic
D:2:      layout_loops_corners, shapermc_ecumenical_altar_mp_urbaneastern,
          uniq_natasha
D:3:      layout_loops_ring
D:4:      layout_rooms, nicolae_ossuary_entry_plus
D:5:      layout_basic, serial_shops, nicolae_diamond_shop,
          gammafunk_ghost_grave, uniq_pikel
D:6:      layout_rooms, uniq_eustachio
D:7:      layout_basic, mainiacjoe_overflow_cross_hatched,
          lemuel_temple_firewalk_a, serial_shops, kennysheep_little_box,
          uniq_maggie, uniq_harold
D:8:      layout_basic, lair_entry_dummy, minivault_14
Temple:   mainiacjoe_temple_starburst

Skill      XL: |  1  2  3  4  5  6  7 |
---------------+----------------------+-----
Polearms       | 5 6 7 8 9 |  9.5
Throwing       | 3 4 5 6 |  6.1
Fighting       | |  2.1
Dodging        | |  4.0

Action                   |  1- 3 |  4- 6 |  7- 9 || total
-------------------------+-------+-------+-------++-------
Melee: Trident           |   102 |   232 |    63 ||   397
       Punch             |     1 |     1 |     1 ||     3
Throw: Throwing net      |       |     1 |       ||     1
       Stone             |       |    38 |    11 ||    49
       Javelin           |       |       |     2 ||     2
  Use: Scroll            |       |     1 |       ||     1
       Potion            |       |       |     3 ||     3
 Stab: Sleeping          |     4 |     2 |     1 ||     7
       Held in net/web   |       |     1 |       ||     1
       Distracted        |       |     1 |       ||     1
Armor: Leather armour    |    23 |    31 |     4 ||    58
       Skin              |       |       |     5 ||     5
Dodge: Dodged            |    42 |   114 |    34 ||   190
